 Dungeon Crawl Stone Soup version 0.22-a0-240-g539252a (webtiles) character file.

775 tidbits the Insei (level 7, -3/53 HPs)
             Began as a Gnoll Transmuter on Feb 21, 2018.
             Slain by a gnoll
             ... wielding a +0 hand axe
              (6 damage)
             ... in a bailey.
             The game lasted 00:10:01 (816 turns).

tidbits the Insei (Gnoll Transmuter)                 Turns: 816, Time: 00:10:02

Health: -3/53      AC:  2    Str: 13    XL:     7   Next: 84%
Magic:  13/15      EV: 24    Int: 17    God:
Gold:   18         SH:  0    Dex: 20    Spells: 11/17 levels left

rFire    . . .     SeeInvis .     - Unarmed
rCold    . . .     Gourm    .   (shield currently unavailable)
rNeg     . . .     Faith    .   (armour currently unavailable)
rPois    x         Spirit   .   (helmet currently unavailable)
rElec    .         Reflect  .   (cloak currently unavailable)
rCorr    .         Harm     .   (gloves currently unavailable)
MR       .....                  (boots currently unavailable)
Stlth    +++.......             (no amulet)
HPRegen  0.17/turn              (no ring)
MPRegen  0.14/turn              (no ring)

@: spider-form
A: tiny, distributed training, strong nose
a: End Transformation


You were in a bailey.
You were not hungry.
You were a venomous arachnid creature.
You visited 1 branch of the dungeon, and saw 7 of its levels.
You also visited: Bailey.

You collected 18 gold pieces.

Inventory:

Hand Weapons
 e - a +0 dagger
 h - a +0 short sword
 j - a +0 dagger of venom (melded)
   (You took it off a goblin on level 3 of the Dungeon)
Missiles
 a - 6 arrows
 l - 2 javelins
 m - a throwing net {!f}
 n - 14 tomahawks of returning (quivered)
Armour
 b - a +0 robe
 i - a +0 ring mail
 B - a +1 leather armour of positive energy (melded)
   (You took it off an orc on level 4 of the Dungeon)
 G - a +0 pair of gloves (melded)
Magical Staves
 g - an uncursed staff of death {unknown}
   (You found it on level 5 of the Dungeon)
Wands
 f - a wand of flame (27)
Scrolls
 d - 2 scrolls of fog
Comestibles
 c - 7 rations


   Skills:
 + Level 3.8 Fighting
 + Level 2.7 Short Blades
 + Level 2.7 Long Blades
 + Level 2.7 Axes
 + Level 2.7 Maces & Flails
 + Level 2.7 Polearms
 + Level 2.7 Staves
 + Level 2.7 Slings
 + Level 2.7 Bows
 + Level 2.7 Crossbows
 + Level 2.7 Throwing
 + Level 2.7 Armour
 + Level 5.3 Dodging
 + Level 2.7 Stealth
 + Level 2.7 Shields
 + Level 7.1 Unarmed Combat
 + Level 5.7 Spellcasting
 + Level 2.2 Conjurations
 + Level 2.2 Hexes
 + Level 2.2 Charms
 + Level 2.2 Summonings
 + Level 2.2 Necromancy
 + Level 2.2 Translocations
 + Level 4.4 Transmutations
 + Level 2.2 Fire Magic
 + Level 2.2 Ice Magic
 + Level 2.2 Air Magic
 + Level 2.2 Earth Magic
 + Level 2.2 Poison Magic
 + Level 3.0 Invocations
 + Level 2.7 Evocations


You had 11 spell levels left.
You knew the following spells:

 Your Spells              Type           Power        Failure   Level  Hunger
e - Beastly Appendage     Tmut           ###...       9%          1    None
k - Sticks to Snakes      Tmut           ###.....     11%         2    #......
p - Spider Form           Tmut/Pois      ###.......   24%         3    ##.....


Dungeon Overview and Level Annotations

Branches:
Dungeon (7/15)
 Temple: D:4-7

Altars:
Hepliaklqana
Ru
Vehumet


Innate Abilities, Weirdness & Mutations

Your experience applies equally to all skills.
((You have very sharp teeth.))
Your uncanny sense of smell can sniff out nearby items.


Message History

The tomahawk of returning completely misses the kobold.
The tomahawk of returning returns to your pack!
The kobold throws a tomahawk of returning.
The tomahawk of returning misses you.
The weapon returns to the kobold!
Throwing (i - inventory. (/) - cycle)
n - 5 tomahawks of returning (quivered)
Press: ? - help, Shift-Dir - straight line, f/p - kobold
Aim: a kobold (heavily wounded)
You throw a tomahawk of returning.
The tomahawk of returning closely misses the kobold.
The tomahawk of returning fails to return to your pack!
The kobold throws a tomahawk of returning.
The tomahawk of returning misses you.
The weapon returns to the kobold!
Throwing (i - inventory. (/) - cycle)
n - 4 tomahawks of returning (quivered)
Press: ? - help, Shift-Dir - straight line, f/p - kobold
Aim: a kobold (heavily wounded)
You throw a tomahawk of returning.
The tomahawk of returning hits the kobold but does no damage.
The kobold is heavily wounded.
The tomahawk of returning fails to return to your pack!
The kobold throws a tomahawk of returning.
The tomahawk of returning completely misses you.
The weapon returns to the kobold!
Throwing (i - inventory. (/) - cycle)
n - 3 tomahawks of returning (quivered)
Press: ? - help, Shift-Dir - straight line, f/p - kobold
Aim: a kobold (heavily wounded)
You throw a tomahawk of returning.
The tomahawk of returning hits the kobold!
You kill the kobold!
The tomahawk of returning returns to your pack!
Throwing (i - inventory. (/) - cycle)
n - 3 tomahawks of returning (quivered)
Press: ? - help, Shift-Dir - straight line, f - kobold
Aim: a kobold You throw a tomahawk of returning.
The tomahawk of returning hits the kobold.
You kill the kobold!
The tomahawk of returning returns to your pack!
n - 6 tomahawks of returning (gained 3)
You see here 2 tomahawks of returning.
n - 8 tomahawks of returning (gained 2)
You see here 3 tomahawks of returning.
n - 11 tomahawks of returning (gained 3)
You see here a tomahawk of returning.
n - 12 tomahawks of returning (gained 1)
You see here a tomahawk of returning.
n - 13 tomahawks of returning (gained 1)
You see here a tomahawk of returning.
n - 14 tomahawks of returning (gained 1)
As you read the scroll labeled BACUOS TIBU, it crumbles to dust.
It is a scroll of amnesia.
Okay, then.
Unknown command.
You aren't carrying any potions.
Unknown command.
As you open the door, it creaks loudly!
A goblin, a hobgoblin, a gnoll and an orc warrior come into view.
The hobgoblin shouts!
The goblin shouts!
The gnoll shouts!
You hear a shout! x11
A kobold and 2 orc warriors come into view.
Casting: Spider Form (safe; 13% risk of failure)
Confirm with . or Enter, or press ? or * to list all spells.
You turn into a venomous arachnid creature.
Your +0 dagger of venom melds into your body.
Your +0 pair of gloves melds into your body.
Your +1 leather armour of positive energy melds into your body.
Your +0 dagger of venom stops dripping with poison.
You feel less protected from negative energy.
An orc knight comes into view. It is wielding a war axe.
You bite the orc warrior!
The orc warrior is poisoned.
The orc warrior is heavily wounded.
The orc knight roars a battlecry!
The orc warriors go into a battle-frenzy!
The orc warrior misses you.
A hobgoblin comes into view. It is wielding a hand axe.
You hit the orc warrior but do no damage.
The orc warrior is heavily wounded.
An orc warrior comes into view. It is wielding a war axe.
You hit the orc warrior.
The orc warrior looks as sick as possible!
The orc warrior is severely wounded.
The orc warrior misses you.
You hit the orc warrior but do no damage.
The orc warrior looks as sick as possible!
The orc warrior is severely wounded.
The orc warrior hits you with a battleaxe!!
* * * LOW HITPOINT WARNING * * *
2 hobgoblins come into view.
You hit the orc warrior.
The orc warrior looks as sick as possible!
The orc warrior is almost dead.
You barely miss the orc warrior.
The orc warrior is almost dead.
The orc warrior completely misses you.
An orc comes into view. It is wielding a hand axe.
You bite the orc warrior!
You kill the orc warrior!
Your Invocations skill increases to level 3!
A gnoll comes into view. It is wielding a hand axe.
You hit the gnoll.
The gnoll is poisoned.
The gnoll is moderately wounded.
The gnoll hits you with a hand axe.
You die...

#....≈.≈(...#
#'###≈.≈###+#
#....≈.≈(...#
#'###≈.≈###'#
#...(≈.≈(...#
#'###≈.≈###(#
#....≈.≈(..(#
#'###≈.≈###†#
#....≈s≈(...#
######g######


gog #oKK# #.og# ##o## ggg ∆ o8. You could see an orc knight, 3 orc warriors, 2
gnolls, an orc, 4 hobgoblins, a goblin and 2 kobolds.

Vanquished Creatures
  A hippogriff (D:7)
  An ice beast (D:6)
  A sky beast (D:5)
  An orc warrior (Bailey)
  A scorpion (D:7)
  A bullfrog zombie (D:5)
  A crimson imp (D:6)
  A centaur skeleton (D:5)
  An iguana (D:6)
  2 worker ants
  A killer bee zombie (D:7)
  4 gnolls (D:6)
  2 adders
  An ooze (D:3)
  A dart slug (D:3)
  A leopard gecko (D:3)
  9 orcs
  3 goblins
  4 jackals
  2 bats (D:2)
  17 kobolds
  2 rats (D:2)
58 creatures vanquished.

Vanquished Creatures (collateral kills)
  A jelly (D:5)
  An orc (D:7)
  2 goblins (D:7)
4 creatures vanquished.

Vanquished Creatures (others)
  A giant cockroach (D:2)
1 creature vanquished.

Grand Total: 63 creatures vanquished

Notes
Turn   | Place    | Note
-------+----------+-------------------------------------------
     0 | D:1      | tidbits the Gnoll Transmuter began the quest for the Orb.
     0 | D:1      | Reached XP level 1. HP: 17/17 MP: 6/6
    92 | D:2      | Found a radiant altar of Vehumet.
   172 | D:3      | Reached XP level 2. HP: 7/23 MP: 5/7
   176 | D:3      | Learned a level 2 spell: Sticks to Snakes
   188 | D:3      | HP: 2/23 [dart slug (1)]
   222 | D:3      | Found a sacrificial altar of Ru.
   250 | D:3      | Reached XP level 3. HP: 8/28 MP: 7/9
   255 | D:3      | Learned a level 3 spell: Spider Form
   266 | D:3      | Reached skill level 5 in Spellcasting
   293 | D:3      | Reached skill level 1 in Invocations
   414 | D:5      | Entered Level 5 of the Dungeon
   421 | D:5      | Reached skill level 1 in Short Blades
   421 | D:5      | Reached skill level 1 in Long Blades
   421 | D:5      | Reached skill level 1 in Axes
   421 | D:5      | Reached skill level 1 in Maces & Flails
   421 | D:5      | Reached skill level 1 in Polearms
   421 | D:5      | Reached skill level 1 in Staves
   421 | D:5      | Reached skill level 1 in Slings
   421 | D:5      | Reached skill level 1 in Bows
   421 | D:5      | Reached skill level 1 in Crossbows
   421 | D:5      | Reached skill level 1 in Throwing
   421 | D:5      | Reached skill level 1 in Armour
   421 | D:5      | Reached skill level 1 in Stealth
   421 | D:5      | Reached skill level 1 in Shields
   421 | D:5      | Reached skill level 1 in Evocations
   421 | D:5      | Reached XP level 4. HP: 28/34 MP: 4/11
   441 | D:5      | Noticed a sky beast
   451 | D:5      | Found a hazy altar of Hepliaklqana.
   468 | D:5      | Reached skill level 1 in Conjurations
   468 | D:5      | Reached skill level 1 in Hexes
   468 | D:5      | Reached skill level 1 in Charms
   468 | D:5      | Reached skill level 1 in Summonings
   468 | D:5      | Reached skill level 1 in Necromancy
   468 | D:5      | Reached skill level 1 in Translocations
   468 | D:5      | Reached skill level 1 in Fire Magic
   468 | D:5      | Reached skill level 1 in Ice Magic
   468 | D:5      | Reached skill level 1 in Air Magic
   468 | D:5      | Reached skill level 1 in Earth Magic
   468 | D:5      | Reached skill level 1 in Poison Magic
   483 | D:5      | Killed a sky beast
   483 | D:5      | Reached skill level 3 in Fighting
   483 | D:5      | Reached skill level 4 in Transmutations
   483 | D:5      | Reached XP level 5. HP: 11/41 MP: 9/12
   500 | D:5      | Noticed a phantom
   533 | D:5      | Reached skill level 2 in Invocations
   533 | D:5      | Reached XP level 6. HP: 16/47 MP: 6/13
   571 | D:6      | Reached skill level 5 in Dodging
   582 | D:6      | Noticed an ice beast
   585 | D:6      | Killed an ice beast
   585 | D:6      | Reached skill level 2 in Short Blades
   585 | D:6      | Reached skill level 2 in Long Blades
   585 | D:6      | Reached skill level 2 in Axes
   585 | D:6      | Reached skill level 2 in Maces & Flails
   585 | D:6      | Reached skill level 2 in Polearms
   585 | D:6      | Reached skill level 2 in Staves
   585 | D:6      | Reached skill level 2 in Slings
   585 | D:6      | Reached skill level 2 in Bows
   585 | D:6      | Reached skill level 2 in Crossbows
   585 | D:6      | Reached skill level 2 in Throwing
   585 | D:6      | Reached skill level 2 in Armour
   585 | D:6      | Reached skill level 2 in Stealth
   585 | D:6      | Reached skill level 2 in Shields
   585 | D:6      | Reached skill level 2 in Evocations
   596 | D:6      | Reached XP level 7. HP: 28/52 MP: 1/15
   617 | D:7      | Noticed a hippogriff
   630 | D:7      | Killed a hippogriff
   630 | D:7      | Reached skill level 7 in Unarmed Combat
   630 | D:7      | Reached skill level 2 in Conjurations
   630 | D:7      | Reached skill level 2 in Hexes
   630 | D:7      | Reached skill level 2 in Charms
   630 | D:7      | Reached skill level 2 in Summonings
   630 | D:7      | Reached skill level 2 in Necromancy
   630 | D:7      | Reached skill level 2 in Translocations
   630 | D:7      | Reached skill level 2 in Fire Magic
   630 | D:7      | Reached skill level 2 in Ice Magic
   630 | D:7      | Reached skill level 2 in Air Magic
   630 | D:7      | Reached skill level 2 in Earth Magic
   630 | D:7      | Reached skill level 2 in Poison Magic
   689 | D:7      | Found a flagged portal.
   694 | Bailey   | Entered a bailey
   809 | Bailey   | Noticed an orc knight
   812 | Bailey   | HP: 3/53 [orc warrior/battleaxe (19)]
   815 | Bailey   | Reached skill level 3 in Invocations
   816 | Bailey   | Slain by a gnoll

Vault maps used:
D:1:      dpeg_arrival_chambers_temple_mockup
D:2:      marbit_many_paths, fiery_altar_vehumet, serial_bayou_crossing
D:3:      nicolae_ru_the_path_less_chosen, nicolae_tso_carved_into_rock,
          first_ration
D:4:      lemuel_statue_altar
D:5:      overflow_temple_1_default, tgw_trog, grunt_decor_arrowhead,
          dk_vineyard_1, corner_web_ring, minmay_small_thing
D:6:      lemuel_crystal_altar, serial_co_window_serial, co_window_paths_a,
          co_window_paths_a, co_window_corner_a, co_window_of_opportunity_a,
          co_window_paths_a, co_window_unsneaky_path_c, co_window_corner_b,
          co_window_unsneaky_path_e, co_window_paths_c, glass_columns_b,
          grunt_gozag_statues, uniq_duvessa, uniq_sigmund, uniq_edmund
D:7:      minmay_temple_entry_grid, enter_bailey_3, uniq_menkaure
Bailey:   bailey_axe_1, bailey

Skill      XL: |  1  2  3  4  5  6  7 |
---------------+----------------------+-----
Spellcasting   | 5 |  5.7
Invocations    | 1 2 3 |  3.0
Short Blades   | 1 2 |  2.7
Long Blades    | 1 2 |  2.7
Axes           | 1 2 |  2.7
Maces & Flails | 1 2 |  2.7
Polearms       | 1 2 |  2.7
Staves         | 1 2 |  2.7
Slings         | 1 2 |  2.7
Bows           | 1 2 |  2.7
Crossbows      | 1 2 |  2.7
Throwing       | 1 2 |  2.7
Armour         | 1 2 |  2.7
Stealth        | 1 2 |  2.7
Shields        | 1 2 |  2.7
Evocations     | 1 2 |  2.7
Conjurations   | 1 2 |  2.2
Hexes          | 1 2 |  2.2
Charms         | 1 2 |  2.2
Summonings     | 1 2 |  2.2
Necromancy     | 1 2 |  2.2
Translocations | 1 2 |  2.2
Fire Magic     | 1 2 |  2.2
Ice Magic      | 1 2 |  2.2
Air Magic      | 1 2 |  2.2
Earth Magic    | 1 2 |  2.2
Poison Magic   | 1 2 |  2.2
Fighting       | 3 |  3.8
Transmutations | 4 |  4.4
Dodging        | 5 |  5.3
Unarmed Combat | 7 |  7.1

Action                   |  1- 3 |  4- 6 |  7- 9 || total
-------------------------+-------+-------+-------++-------
Melee: Unarmed           |    55 |    21 |    18 ||    94
       Bite              |     2 |     1 |     3 ||     6
       Kick              |     2 |       |       ||     2
       Punch             |     1 |       |       ||     1
       Dagger            |     3 |     7 |     9 ||    19
Throw: Tomahawk          |       |       |    41 ||    41
 Cast: Beastly Appendage |     6 |       |       ||     6
       Spider Form       |     5 |     4 |     4 ||    13
       Sticks to Snakes  |     1 |     3 |     2 ||     6
 Abil: End Transformatio |       |     2 |       ||     2
Evoke: Wand              |       |     7 |     4 ||    11
  Use: Potion            |     1 |     1 |       ||     2
       Scroll            |       |     1 |     2 ||     3
 Stab: Sleeping          |     1 |       |       ||     1
       Distracted        |     1 |       |       ||     1
  Eat: Ration            |     1 |       |       ||     1
Armor: Robe              |     5 |       |       ||     5
       Skin              |     1 |       |     1 ||     2
       Leather armour    |       |       |     8 ||     8
Dodge: Dodged            |    36 |    20 |   121 ||   177

Table legend:
 A = Spawn XP
 B = Non-spawn XP
 C = Spawn XP percentage of total XP
 D = Spawn monster count
 E = Non-spawn monster count
 F = Spawn count percentage of total count
 G = Total turns spent on level
                    A         B        C        D         E        F      G
               +---------+---------+-------+---------+---------+-------+---------
         Total |       0 |    1108 |   0.0 |       0 |      62 |   0.0 |   816
               +---------+---------+-------+---------+---------+-------+---------
           D:1 |       0 |       1 |   0.0 |       0 |       1 |   0.0 |    92
           D:2 |       0 |       7 |   0.0 |       0 |       6 |   0.0 |    62
           D:3 |       0 |      54 |   0.0 |       0 |      15 |   0.0 |   198
           D:4 |       0 |       9 |   0.0 |       0 |       3 |   0.0 |    62
           D:5 |       0 |     278 |   0.0 |       0 |       6 |   0.0 |   138
           D:6 |       0 |     288 |   0.0 |       0 |       8 |   0.0 |    65
           D:7 |       0 |     328 |   0.0 |       0 |       9 |   0.0 |    77
        Bailey |       0 |     143 |   0.0 |       0 |      14 |   0.0 |   122
               +---------+---------+-------+---------+---------+-------+---------

Table legend:
 A = Turns spent in this place as a percentage of turns spent in the entire game.
 B = Non-inter-level travel turns spent in this place as a percentage of non-inter-level travel turns spent in the entire game.
 C = Inter-level travel turns spent in this place as a percentage of turns spent in this place.
 D = Turns resting spent in this place as a percentage of non-inter-level travel turns spent in this place.
 E = Turns spent auto-exploring this place as a percentage of non-inter-level travel turns spent in this place.
 F = Non-inter-level travel turns spent in this place divided by the number of levels of this place that you've seen.
                   A       B       C       D       E      F
               +-------+-------+-------+-------+-------+----------------------
         Total | 100.0 | 100.0 |   0.0 |   0.0 |   0.0 | 102.0
       Dungeon |  85.0 |  85.0 |   0.0 |   0.0 |   0.0 |  99.1
        Bailey |  15.0 |  15.0 |   0.0 |   0.0 |   0.0 | 122.0
               +-------+-------+-------+-------+-------+----------------------

Table legend:
 A = Kills in this place as a percentage of kills in entire the game.
 B = Kills by you in this place as a percentage of kills by you in the entire game.
 C = Kills by friends in this place as a percentage of kills by friends in the entire game.
 D = Other kills in this place as a percentage of other kills in the entire game.
 E = Experience gained in this place as a percentage of experience gained in the entire game.
 F = Experience gained in this place divided by the number of levels of this place that you have seen.
                   A       B       C       D       E      F
               +-------+-------+-------+-------+-------+----------------------
         Total | 100.0 | 100.0 | 100.0 |   N/A | 100.0 | 138.5
       Dungeon |  77.4 |  75.9 | 100.0 |   N/A |  87.1 | 137.9
        Bailey |  22.6 |  24.1 |   0.0 |   N/A |  12.9 | 143.0
               +-------+-------+-------+-------+-------+----------------------

Vault maps used:
D:1:      dpeg_arrival_chambers_temple_mockup
D:2:      marbit_many_paths, fiery_altar_vehumet, serial_bayou_crossing
D:3:      nicolae_ru_the_path_less_chosen, nicolae_tso_carved_into_rock,
          first_ration
D:4:      lemuel_statue_altar
D:5:      overflow_temple_1_default, tgw_trog, grunt_decor_arrowhead,
          dk_vineyard_1, corner_web_ring, minmay_small_thing
D:6:      lemuel_crystal_altar, serial_co_window_serial, co_window_paths_a,
          co_window_paths_a, co_window_corner_a, co_window_of_opportunity_a,
          co_window_paths_a, co_window_unsneaky_path_c, co_window_corner_b,
          co_window_unsneaky_path_e, co_window_paths_c, glass_columns_b,
          grunt_gozag_statues, uniq_duvessa, uniq_sigmund, uniq_edmund
D:7:      minmay_temple_entry_grid, enter_bailey_3, uniq_menkaure
Bailey:   bailey_axe_1, bailey
